 Dungeon Crawl Stone Soup version 0.17.1-3-g152610e (webtiles) character file.

205 inmateoo the Ruffian (level 5, -5/46 HPs)
             Began as a Troll Arcane Marksman on Mar 4, 2016.
             Slain by Aokaililo's ghost (13 damage)
             ... on level 4 of the Dungeon.
             The game lasted 00:05:46 (1689 turns).

inmateoo the Ruffian (Troll Arcane Marksman)        Turns: 1689, Time: 00:05:46

Health: -5/46      AC:  6    Str: 20    XL:     5   Next: 52%
Magic:  5/5        EV:  9    Int:  9    God:
Gold:   206        SH:  0    Dex:  9    Spells: 1 memorised, 5 levels left

rFire  . . .     SeeInvis .       - Unarmed
rCold  . . .     Clarity  .     a - +0 robe
rNeg   . . .     SustAt   .     (no shield)
rPois  .         Gourm    +     (helmet restricted)
rElec  .         Spirit   .     w - +0 cloak
rCorr  .         Warding  .     (gloves unavailable)
rMut   .         Stasis   .     (boots unavailable)
MR     .....                    l - amulet of rage
Stlth  +.........               (no ring)
                                (no ring)

@: lethally poisoned (-5 -> -6), exhausted, slowed, very slow, not resistant to
hostile enchantments, very unstealthy
A: unfitting armour, claws 3, fast metabolism 3, gourmand, regeneration 2,
shaggy fur 1, tough skin 2
a: Evoke Berserk Rage


You were on level 4 of the Dungeon.
You were very full.

You visited 1 branch of the dungeon, and saw 4 of its levels.

You collected 206 gold pieces.

Inventory:

Missiles
 c - 4 large rocks (quivered)
 d - 4 throwing nets
Armour
 a - a +0 robe (worn)
 w - a +0 cloak (worn)
Jewellery
 l - an amulet of rage (around neck)
Wands
 u - a wand of cold (4)
Scrolls
 i - a scroll of teleportation {unknown}
 o - 4 scrolls of identify {unknown}
 p - 4 scrolls of enchant armour {unknown}
 q - a scroll of noise {unknown}
 t - a scroll of fear {unknown}
 x - a scroll of magic mapping {unknown}
 y - a scroll of remove curse {unknown}
Potions
 f - 2 potions of curing {unknown}
 h - 2 potions of magic {unknown}
 k - a potion of heal wounds {unknown}
 m - a potion of agility {unknown}
 n - a potion of brilliance {unknown}
 r - a potion of cure mutation {unknown}
 v - a potion of poison {unknown}
 A - a potion of cancellation {unknown}
 B - a potion of ambrosia {unknown}
 C - a potion of might {unknown}
Books
 b - a book of Debilitation

   Spells                             Type                      Level
   a - Corona                         Hexes                        1
   b - Slow                           Hexes                        2
   c - Gell's Gravitas                Hexes/Translocation          3
   d - Inner Flame                    Hexes/Fire                   3
   e - Cause Fear                     Hexes                        4
   f - Leda's Liquefaction            Hexes/Earth                  4
Comestibles
 e - a bread ration
 g - 2 meat rations
 j - 2 beef jerkies
 s - 3 fruits
 z - a slice of pizza


   Skills:
 - Level 0.7 Fighting
 - Level 1.7 Throwing
 - Level 1.5 Dodging
 * Level 5.4 Unarmed Combat
 - Level 1.0 Spellcasting
 - Level 2.0 Hexes


You had 5 spell levels left.
You knew the following spells:

 Your Spells              Type           Power        Failure   Level  Hunger
a - Corona                Hex            #......      17%         1    ##.....


Dungeon Overview and Level Annotations

Branches:
Dungeon (4/15)
 Temple: D:4-7

Altars:
Ru
Xom

Annotations:
D:4 Aokaililo's ghost, novice HuFi


Innate Abilities, Weirdness & Mutations

You are too large for most types of armour.
You have claws for hands.
Your metabolism is lightning-fast.
You like to eat raw meat.
You heal very quickly.
You are covered in fur (AC +1).
You have very tough skin (AC +2).


Message History

You feel sick.
You feel sick.
Found 7 stones.
You feel a strong urge to attack something.
You feel sick.
You feel sick.
You feel your anger subside.
You are no longer berserk.
You pass out from exhaustion.
You feel yourself slow down.
You feel sick. x2
Aokaililo's ghost hits you.
* * * LOW HITPOINT WARNING * * *
You can move again.
You feel sick.
You feel sick.
Drink which item? (? for menu, Esc to quit)
Okay, then.
You feel sick. Aokaililo's ghost hits you!
You die...

#...##...## .
..........## ..
.........(.# #######..
...........#####........
.......................r
.........#####....?....
..#...r## ##........
###W## #..<..... #@#
#......##
#..........###.##
##.........# .#
.........# . #........#
.. ......... .. ........
.. #...##


You could see Aokaililo's ghost and a rat.

Vanquished Creatures
  A worker ant (D:4)
  Terence (D:3)
  Natasha (twice) (D:3)
  6 adders
  2 worms
  3 giant geckos
  9 bats
  2 giant cockroaches (D:2)
  7 hobgoblins
  A ball python (D:2)
  A giant newt (D:1)
  13 goblins
  2 jackals (D:3)
  4 kobolds
  A quokka (D:2)
  12 rats
67 creatures vanquished.

Notes
Turn   | Place    | Note
--------------------------------------------------------------
     0 | D:1      | inmateoo the Troll Arcane Marksman began the quest for the Orb.
     0 | D:1      | Reached XP level 1. HP: 18/18 MP: 1/1
   102 | D:1      | Reached skill level 1 in Unarmed Combat
   296 | D:1      | Reached XP level 2. HP: 26/26 MP: 2/2
   728 | D:2      | Reached XP level 3. HP: 29/32 MP: 3/3
   736 | D:2      | Reached skill level 3 in Unarmed Combat
   779 | D:2      | Found a shimmering altar of Xom.
   975 | D:2      | Reached XP level 4. HP: 37/40 MP: 4/4
  1103 | D:3      | Found a sacrificial altar of Ru.
  1103 | D:3      | Noticed Natasha
  1109 | D:3      | Killed Natasha
  1109 | D:3      | Reached skill level 4 in Unarmed Combat
  1474 | D:3      | Noticed Terence
  1479 | D:3      | Killed Terence
  1479 | D:3      | Reached XP level 5. HP: 46/46 MP: 5/5
  1573 | D:3      | Reached skill level 5 in Unarmed Combat
  1635 | D:3      | Noticed Natasha
  1640 | D:3      | Killed Natasha
  1659 | D:4      | Noticed Aokaililo's ghost (novice HuFi)
  1689 | D:4      | Slain by Aokaililo's ghost

Action                   |  1- 3 |  4- 6 || total
-------------------------+-------+-------++-------
Melee: Unarmed           |   131 |    78 ||   209
Throw: Large rock        |       |     3 ||     3
 Abil: Evoke Berserk Rag |       |     1 ||     1
  Eat: Chunk             |    12 |     7 ||    19
       Bread ration      |     1 |       ||     1
